[Event "Titled Tuesday Blitz January 03 Late 2023"]
[White "Przybylski, Wojciech"]
[Black "Mardov, Dimitar"]
[WhiteFideId "1117599"]
[BlackFideId "30919495"]
[WhiteElo "2321"]
[BlackElo "2456"]
[Result "0-1"]
[Round "08"]
[TimeControl "180+2"]
[Date "2023.01.03"]
[WhiteClock "0:00:01"]
[BlackClock "0:01:47"]

1. e4 e5 2. Nf3 Nc6 3. Bb5 g6 4. O-O Bg7 5. Re1 a6 6. Bf1 Nge7 7. Nc3 O-O 8. h3 d5 9. d3 d4 10. Ne2 h6 11. g3 Be6 12. Bg2 Qd7 13. Kh2 f5 14. Neg1 fxe4 15. dxe4 Rf7 16. c3 Raf8 17. Bd2 g5 18. cxd4 exd4 19. Qc1 Ng6 20. e5 Ncxe5 21. Nxe5 Nxe5 22. Re2 Rxf2 23. Rxf2 Rxf2 24. Be1 Rf8 25. Qd1 Bd5 26. Qe2 d3 27. Qd2 Bxg2 28. Qxg2 c5 29. Bc3 Nc4 30. Bxg7 Kxg7 31. Re1 d2 0-1


[Site "https://www.chess.com"]

[Event "Titled Tuesday Blitz January 03 Late 2023"]
[White "Indjic, Aleksandar"]
[Black "Kanakaris, Georgios"]
[WhiteFideId "911925"]
[BlackFideId "4209460"]
[WhiteElo "2618"]
[BlackElo "2391"]
[Result "1-0"]
[Round "08"]
[TimeControl "180+2"]
[Date "2023.01.03"]
[WhiteClock "0:01:31"]
[BlackClock "0:00:09"]

1. e4 c5 2. Nc3 Nc6 3. Bb5 g6 4. Bxc6 dxc6 5. d3 Bg7 6. f4 Nf6 7. Nf3 O-O 8. O-O b6 9. Qe1 Ba6 10. b3 Nd7 11. e5 f6 12. Bb2 fxe5 13. fxe5 Qc7 14. Nd1 Rf4 15. e6 Bxb2 16. Nxb2 Nf6 17. Qe5 Rc8 18. Rae1 Qxe5 19. Nxe5 Rxf1+ 20. Kxf1 Bb7 21. a4 Rf8 22. Kg1 Nd5 23. Nbc4 Nf4 24. Nd7 Rf5 25. g3 Nd5 26. a5 b5 27. Nxc5 bxc4 28. bxc4 Bc8 29. cxd5 Rxd5 30. Nb3 Ba6 31. Re3 Kg7 32. c4 Rd8 33. Nc5 Bc8 34. Re2 Rd6 35. Rb2 Bxe6 36. Rb7 Bf7 37. Rxe7 Rd8 38. Rxa7 Rb8 39. a6 Rb1+ 40. Kf2 Rb2+ 41. Ke3 Kf6 42. Rb7 Ra2 43. a7 1-0


[Site "https://www.chess.com"]

[Event "Titled Tuesday Blitz January 03 Late 2023"]
[White "Leiva, Gianmarco"]
[Black "Boros, Denes"]
[WhiteFideId "3804399"]
[BlackFideId "722340"]
[WhiteElo "2392"]
[BlackElo "2406"]
[Result "0-1"]
[Round "08"]
[TimeControl "180+2"]
[Date "2023.01.03"]
[WhiteClock "0:00:01"]
[BlackClock "0:00:14"]

1. e4 g6 2. d4 Bg7 3. c3 d6 4. Nf3 Nc6 5. Bb5 a6 6. Ba4 Bd7 7. O-O e5 8. d5 Nb8 9. c4 Nf6 10. Nc3 O-O 11. Bxd7 Nfxd7 12. Ne1 a5 13. Nd3 Na6 14. Be3 f5 15. f3 f4 16. Bf2 h5 17. a3 g5 18. b4 Rf6 19. Kh1 Rg6 20. Rg1 g4 21. g3 Qf6 22. Qe2 Rf8 23. Raf1 gxf3 24. Qxf3 fxg3 25. Qxf6 Rgxf6 26. Rxg3 Rf3 27. Rfg1 R8f7 28. Kg2 Rxg3+ 29. hxg3 Bh6 30. Rd1 axb4 31. axb4 Nf6 32. c5 Ng4 33. Bg1 Be3 34. Nb5 Bxg1 35. Kxg1 Rf3 36. Kg2 Rf6 37. Re1 Kf7 38. Re2 Ke7 39. Na3 Rg6 40. Kh3 Kd7 41. Nc4 Rf6 42. Kg2 Rf8 43. Re1 Rg8 44. Rh1 Nf6 45. Kf3 Rf8 46. Ke3 Rg8 47. Rh3 Rg4 48. Nf2 Rg5 49. Nd3 Ke7 50. cxd6+ cxd6 51. Nb6 Nc7 52. Nc8+ Kd7 53. Nb6+ Kd8 54. Nc4 Nb5 55. Na5 Kc7 56. Nf2 Nd4 57. Nc4 b5 58. Nb2 Nc2+ 59. Kd2 Nxb4 60. Nbd1 Na6 61. Ne3 Nc5 62. Rh4 b4 63. g4 b3 64. gxh5 Nxh5 65. Rh1 Nf6 0-1


[Site "https://www.chess.com"]

[Event "Titled Tuesday Blitz January 03 Late 2023"]
[White "Rustemov, Alexander"]
[Black "Tregubov, Pavel V."]
[WhiteFideId "4119002"]
[BlackFideId "4115341"]
[WhiteElo "2525"]
[BlackElo "2553"]
[Result "0-1"]
[Round "08"]
[TimeControl "180+2"]
[Date "2023.01.03"]
[WhiteClock "0:00:25"]
[BlackClock "0:00:45"]

1. c4 c5 2. g3 Nf6 3. Bg2 d5 4. cxd5 Nxd5 5. Nc3 Nc7 6. d3 e5 7. Be3 Nc6 8. Bxc6+ bxc6 9. Qa4 Rb8 10. Nf3 f6 11. O-O Bd7 12. Rfc1 Nd5 13. Qc2 Nxe3 14. fxe3 Qb6 15. Na4 Qa5 16. b3 Rb5 17. Nd2 Be7 18. Ne4 O-O 19. Nexc5 Bh3 20. Qc4+ Kh8 21. Qh4 Qd2 22. Qxh3 Bxc5 23. Nxc5 Rxc5 24. Rxc5 Qxe3+ 25. Kf1 Qxc5 26. Qd7 h6 27. Re1 a5 28. Kg2 Ra8 29. Qb7 Rd8 30. Qa6 Kh7 31. Kf1 e4 32. dxe4 Rd2 33. a4 Qh5 34. Kg2 Qc5 35. Kf1 Rd4 36. Qxa5 Qxa5 0-1


[Site "https://www.chess.com"]

[Event "Titled Tuesday Blitz January 03 Late 2023"]
[White "Fishbein, Alexander"]
[Black "Tanenbaum, Zachary"]
[WhiteFideId "2000377"]
[BlackFideId "2060850"]
[WhiteElo "2366"]
[BlackElo "2261"]
[Result "0-1"]
[Round "08"]
[TimeControl "180+2"]
[Date "2023.01.03"]
[WhiteClock "0:00:03"]
[BlackClock "0:00:06"]

1. c4 e5 2. g3 Nf6 3. Bg2 Nc6 4. Nc3 Bc5 5. e3 O-O 6. Nge2 Re8 7. O-O d6 8. d4 Bb6 9. a3 h6 10. b4 a5 11. b5 Ne7 12. c5 dxc5 13. dxe5 Ng4 14. Qc2 Bf5 15. Be4 Qc8 16. f4 c4 17. Nd4 Bxe4 18. Qxe4 Rd8 19. f5 h5 20. f6 Ng6 21. e6 Nxf6 22. exf7+ Kxf7 23. Bb2 Qg4 24. Qxg4 hxg4 25. Ne4 Re8 26. Nxf6 gxf6 27. Nf5 Ne5 28. Bxe5 Rxe5 29. Nh6+ Kg6 30. Nxg4 Bxe3+ 31. Kg2 Re6 32. Rae1 Rae8 33. h4 Bd4 34. Rd1 Bc5 35. Rd5 Bxa3 36. h5+ Kg7 37. h6+ Kg6 38. Rh1 Re2+ 39. Kf3 f5 40. h7 fxg4+ 41. Kxg4 Rh8 42. Rg5+ Kf6 43. Rf1+ Ke7 44. Rg7+ Kd6 45. Rff7 Re6 46. Rg8 Re4+ 47. Kf5 Rxh7 48. Rxh7 Re5+ 49. Kf4 Re6 50. Rg6 Rxg6 51. Kf5 Re6 52. Rh6 Rxh6 0-1


[Site "https://www.chess.com"]

[Event "Titled Tuesday Blitz January 03 Late 2023"]
[White "Pakleza, Zbigniew"]
[Black "Perske, Thore"]
[WhiteFideId "1119290"]
[BlackFideId "12902195"]
[WhiteElo "2494"]
[BlackElo "2448"]
[Result "0-1"]
[Round "08"]
[TimeControl "180+2"]
[Date "2023.01.03"]
[WhiteClock "0:00:01"]
[BlackClock "0:01:14"]

1. d4 d5 2. Bf4 Nf6 3. e3 c5 4. c3 Nc6 5. Nd2 Bf5 6. Ngf3 e6 7. Ne5 a6 8. Qb3 Qc8 9. Be2 Be7 10. g4 Be4 11. f3 Bg6 12. h4 c4 13. Qd1 Nxe5 14. dxe5 Nd7 15. h5 Bd3 16. Bxd3 cxd3 17. Nb3 Qc4 18. Qd2 f6 19. exf6 Bxf6 20. Bg3 e5 21. O-O-O e4 22. Rdf1 O-O 23. Kb1 a5 24. Nd4 Bxd4 25. exd4 a4 26. a3 Qb3 27. fxe4 dxe4 28. Re1 Rae8 29. h6 g6 30. Re3 Nb6 31. Qc1 Nc4 32. Rhe1 Nxa3+ 33. Ka1 Nc2+ 34. Kb1 a3 35. Be5 a2# 0-1


[Site "https://www.chess.com"]

[Event "Titled Tuesday Blitz January 03 Late 2023"]
[White "Rangel, Daniel"]
[Black "Cristobal, Manuel"]
[WhiteFideId "2124475"]
[BlackFideId "112879"]
[WhiteElo "2207"]
[BlackElo "2257"]
[Result "1/2-1/2"]
[Round "08"]
[TimeControl "180+2"]
[Date "2023.01.03"]
[WhiteClock "0:00:12"]
[BlackClock "0:00:06"]

1. c4 b6 2. Nf3 Bb7 3. e3 e6 4. Be2 f5 5. O-O Nf6 6. b3 a5 7. Bb2 Bd6 8. d4 O-O 9. Nc3 Ne4 10. Ne5 Nc6 11. Nxc6 Bxc6 12. f4 Bb4 13. Nxe4 Bxe4 14. a3 Be7 15. Bf3 d5 16. Bxe4 fxe4 17. Qe2 Qe8 18. a4 Qg6 19. Rac1 c5 20. cxd5 exd5 21. Qb5 Rfc8 22. Rfd1 Qg4 23. dxc5 Bxc5 24. Bd4 Kh8 25. Bxc5 Rxc5 26. Qxb6 Rac8 27. Rxc5 Qxd1+ 28. Kf2 Qd2+ 29. Kf1 Rf8 30. Qd6 Qd3+ 31. Kf2 Qd2+ 32. Kf1 Qd3+ 33. Kf2 Qd2+ 34. Kf1 1/2-1/2


[Site "https://www.chess.com"]

[Event "Titled Tuesday Blitz January 03 Late 2023"]
[White "Kleiman, Jake"]
[Black "Aradhya, Garg"]
[WhiteFideId "2020041"]
[BlackFideId "25006746"]
[WhiteElo "2399"]
[BlackElo "2284"]
[Result "0-1"]
[Round "08"]
[TimeControl "180+2"]
[Date "2023.01.03"]
[WhiteClock "0:00:10"]
[BlackClock "0:00:53"]

1. e4 e5 2. Nf3 Nc6 3. Bc4 Nf6 4. d3 Bc5 5. O-O O-O 6. c3 d6 7. Re1 h6 8. Bb3 a5 9. Nbd2 b5 10. h3 Bb6 11. Nf1 Ne7 12. Ng3 a4 13. Bc2 Ng6 14. d4 Re8 15. Be3 exd4 16. Bxd4 c5 17. Be3 Bb7 18. Bc1 d5 19. e5 Ne4 20. Nf5 Nxe5 21. Nxe5 Rxe5 22. Qg4 Qf6 23. Nxh6+ Kf8 24. Bxe4 dxe4 25. Bf4 e3 26. fxe3 gxh6 27. Rf1 Re7 28. Qh5 Qg6 29. Bxh6+ Kg8 30. Qh4 Qxg2# 0-1


[Site "https://www.chess.com"]

[Event "Titled Tuesday Blitz January 03 Late 2023"]
[White "Stachanczyk, Jacek"]
[Black "Kosteniuk, Alexandra"]
[WhiteFideId "1116657"]
[BlackFideId "4128125"]
[WhiteElo "2147"]
[BlackElo "2535"]
[Result "0-1"]
[Round "08"]
[TimeControl "180+2"]
[Date "2023.01.03"]
[WhiteClock "0:00:19"]
[BlackClock "0:00:14"]

1. e4 c6 2. d4 d5 3. Nc3 dxe4 4. Nxe4 Nf6 5. Nxf6+ exf6 6. c3 Bd6 7. Bd3 O-O 8. Ne2 Re8 9. O-O Nd7 10. Ng3 Nf8 11. Nf5 Bc7 12. Qc2 Ng6 13. g3 Be6 14. b3 Qd7 15. Bb2 Rad8 16. Rad1 Bd5 17. Rd2 Re6 18. Ne3 Re7 19. Nxd5 Qxd5 20. c4 Qh5 21. Be4 Rde8 22. Bg2 Nf4 23. gxf4 Bxf4 24. h3 Bxd2 25. Qxd2 Re2 26. Qc3 Qg5 27. Ba3 Rxa2 28. Bd6 f5 29. d5 cxd5 30. cxd5 f4 31. Qf3 Qg6 32. Bxf4 Rae2 33. Bg3 Re1 34. Rxe1 Rxe1+ 35. Kh2 h5 36. d6 Qg5 37. h4 Qd8 38. Qxb7 Rd1 39. Bd5 Qf6 40. d7 Kh7 41. Be4+ g6 42. Qc7 Rd2 43. Kg2 Qd4 44. Qe5 Qxd7 45. Qf6 Qe6 46. Qxe6 fxe6 47. Bf4 Rd4 48. f3 Rb4 49. Bc2 Rxf4 50. Kf2 Rxh4 51. Ke3 Rb4 52. Kd3 h4 53. Kc3 Rb6 54. Kc4 Kh6 55. Be4 Rd6 56. f4 Rd1 57. Kc5 Re1 58. Bc6 Re3 59. Kd6 h3 60. b4 h2 61. b5 Re1 62. Bf3 Re3 63. Bg2 Re2 64. Bh1 Re1 65. Bg2 h1=Q 66. Bxh1 Rxh1 67. Kxe6 Rb1 68. Ke5 Rxb5+ 69. Ke4 a5 70. f5 gxf5+ 71. Kd4 Rb4+ 72. Kc5 f4 73. Kd5 f3 74. Ke5 f2 75. Ke6 f1=Q 76. Kd6 Qd1+ 77. Kc6 Qc2+ 0-1


[Site "https://www.chess.com"]

[Event "Titled Tuesday Blitz January 03 Late 2023"]
[White "Dimitrov, Atanas"]
[Black "Adewumi, Tanitoluwa"]
[WhiteFideId "2901315"]
[BlackFideId "30966396"]
[WhiteElo "2269"]
[BlackElo "2283"]
[Result "0-1"]
[Round "08"]
[TimeControl "180+2"]
[Date "2023.01.03"]
[WhiteClock "0:00:42"]
[BlackClock "0:00:29"]

1. Nf3 Nf6 2. c4 e6 3. Nc3 b6 4. b3 Bb7 5. Bb2 d5 6. e3 Be7 7. Be2 O-O 8. O-O Nbd7 9. d4 c5 10. Rc1 Rc8 11. cxd5 cxd4 12. Nxd4 Nxd5 13. Nxd5 Bxd5 14. Rxc8 Qxc8 15. Bf3 Bxf3 16. Qxf3 Bf6 17. Rc1 Qa6 18. a3 Nc5 19. Qd1 Rd8 20. Qc2 Nd3 21. Qe2 e5 22. Nc6 Nxc1 23. Qxa6 Rd1+ 24. Qf1 Ne2+ 0-1


[Site "https://www.chess.com"]

[Event "Titled Tuesday Blitz January 03 Late 2023"]
[White "Sanchez, Robert"]
[Black "Chen, Justin"]
[WhiteFideId "2034360"]
[BlackFideId "2098199"]
[WhiteElo "1966"]
[BlackElo "2333"]
[Result "0-1"]
[Round "08"]
[TimeControl "180+2"]
[Date "2023.01.03"]
[WhiteClock "0:00:53"]
[BlackClock "0:00:04"]

1. e4 e5 2. Nf3 Nf6 3. Nxe5 d6 4. Nf3 Nxe4 5. Nc3 Nxc3 6. dxc3 Be7 7. Bd3 O-O 8. Be3 Nd7 9. Qd2 Nf6 10. O-O-O c5 11. Kb1 Qa5 12. c4 Qxd2 13. Bxd2 Be6 14. Rde1 h6 15. h3 Rfe8 16. Rhg1 d5 17. cxd5 Nxd5 18. Bb5 Red8 19. a3 a6 20. Bd3 b5 21. Be4 Rab8 22. Bc1 b4 23. a4 Bf6 24. g4 Nc3+ 25. bxc3 bxc3+ 26. Ka1 Rb4 27. Bc6 Rd6 28. Ba3 Rf4 29. Be8 Rxf3 30. Rg3 Rxg3 31. fxg3 Rd2 32. Kb1 Rg2 33. Bxc5 Rxg3 34. Bc6 Rxh3 35. Ka1 Bxg4 36. Rb1 Be6 37. Be4 g6 38. Rb8+ Kh7 39. Rb6 Rh4 40. Bd3 Rh1+ 41. Rb1 Rxb1+ 42. Kxb1 Bc8 43. Ka2 h5 44. Bc4 Kg7 45. Kb3 Be6 46. Kb4 Bxc4 47. Kxc4 h4 48. Bg1 g5 49. Kc5 g4 50. Kb6 g3 51. Kxa6 h3 52. Kb7 h2 53. Bc5 h1=Q+ 54. Kb6 Qd5 55. Kb5 Bd4 0-1


[Site "https://www.chess.com"]

[Event "Titled Tuesday Blitz January 03 Late 2023"]
[White "AidenRchess"]
[Black "Papasimakopoulos, Alexandros"]
[BlackFideId "4244125"]
[WhiteElo "2398"]
[BlackElo "2401"]
[Result "0-1"]
[Round "08"]
[TimeControl "180+2"]
[Date "2023.01.03"]
[WhiteClock "0:00:02"]
[BlackClock "0:01:26"]

1. e4 e6 2. d4 d5 3. Nc3 Bb4 4. e5 b6 5. Qg4 Bf8 6. h4 h5 7. Qf4 Ba6 8. Nf3 Bxf1 9. Kxf1 Ne7 10. g3 Nbc6 11. a3 Nf5 12. Ne2 Nce7 13. b4 c5 14. dxc5 Ng6 15. Qd2 bxc5 16. Bb2 cxb4 17. axb4 Qb6 18. Bc3 Be7 19. Ned4 Nxd4 20. Nxd4 Nxe5 21. Nf5 exf5 22. Bxe5 O-O 23. c3 a5 24. Kg2 axb4 25. Rxa8 Rxa8 26. Qxd5 Rd8 27. Qb3 Qc6+ 28. Kh2 Qf3 29. Bd4 Rxd4 30. Qa4 Qxf2+ 31. Kh3 Rxh4+ 32. gxh4 Qf3+ 33. Kh2 Bd6+ 34. Kg1 Bc5+ 35. Kh2 Bf2 36. Qe8+ Kh7 37. Qe5 Be3 38. Qe7 Bf4+ 39. Kg1 bxc3 40. Qxf7 Bg3 41. Qa2 Bxh4 42. Qc2 Bg5 43. Rxh5+ Qxh5 44. Qxf5+ Qg6 45. Qh3+ Bh6+ 0-1


[Site "https://www.chess.com"]

[Event "Titled Tuesday Blitz January 03 Late 2023"]
[White "Goltsev, Dmitry"]
[Black "Fernandez, Maria Florencia"]
[WhiteFideId "24176710"]
[BlackFideId "116459"]
[WhiteElo "2269"]
[BlackElo "2129"]
[Result "1-0"]
[Round "08"]
[TimeControl "180+2"]
[Date "2023.01.03"]
[WhiteClock "0:02:08"]
[BlackClock "0:00:02"]

1. e4 d6 2. d4 Nf6 3. Nc3 g6 4. Nf3 Bg7 5. h3 O-O 6. Be2 c6 7. a4 a5 8. O-O Na6 9. Bg5 h6 10. Be3 Qc7 11. Qd2 Nb4 12. Bxh6 Bxh6 13. Qxh6 Nxc2 14. Rac1 Nb4 15. e5 dxe5 16. dxe5 Nh7 17. Bc4 Bf5 18. Nh4 Bd3 19. Bb3 Qxe5 20. Nxg6 Bxg6 21. Qxg6+ Qg7 22. Qh5 Qg5 23. Qf3 Nf6 24. Rce1 e6 25. Ne4 Nxe4 26. Rxe4 f5 27. Rxe6 Kg7 28. Rfe1 Nd5 29. Bxd5 cxd5 30. Qxd5 Rf7 31. Qd4+ 1-0


[Site "https://www.chess.com"]

[Event "Titled Tuesday Blitz January 03 Late 2023"]
[White "Pranav, V"]
[Black "Chor, Kevin"]
[WhiteFideId "25060783"]
[BlackFideId "2090740"]
[WhiteElo "2597"]
[BlackElo "1944"]
[Result "1-0"]
[Round "08"]
[TimeControl "180+2"]
[Date "2023.01.03"]
[WhiteClock "0:02:20"]
[BlackClock "0:00:50"]

1. Nf3 c5 2. g3 g6 3. Bg2 Bg7 4. O-O Nc6 5. c4 Nf6 6. Nc3 O-O 7. d3 d6 8. Rb1 Rb8 9. a3 a5 10. Nd2 Ne8 11. Nde4 Nc7 12. h4 Bd7 13. h5 b5 14. h6 Bh8 15. cxb5 Nxb5 16. Nxb5 Rxb5 17. Bd2 Rxb2 18. Rxb2 Bxb2 19. Bc3 Bxc3 20. Nxc3 e6 21. Ne4 Qe7 22. Qa1 f5 23. Nd2 Qf6 24. Qa2 Nd4 25. Nc4 d5 26. Nb6 Bc6 27. e3 Nb5 28. Rc1 Qe7 29. Na4 c4 30. dxc4 Qxa3 31. Qd2 Qxa4 32. cxb5 Qxb5 33. Qc3 Rf7 34. Qxc6 Qxc6 35. Rxc6 1-0


[Site "https://www.chess.com"]

[Event "Titled Tuesday Blitz January 03 Late 2023"]
[White "Rodriguez Fontecha, Marcos"]
[Black "Sanal, Vahap"]
[WhiteFideId "2256576"]
[BlackFideId "6300545"]
[WhiteElo "2309"]
[BlackElo "2600"]
[Result "0-1"]
[Round "08"]
[TimeControl "180+2"]
[Date "2023.01.03"]
[WhiteClock "0:00:01"]
[BlackClock "0:00:07"]

1. Nf3 g6 2. d4 Bg7 3. Bf4 d6 4. Nc3 Nf6 5. Qd2 c6 6. Bh6 O-O 7. h4 b5 8. h5 b4 9. Nd1 c5 10. hxg6 fxg6 11. Bxg7 Kxg7 12. Qh6+ Kg8 13. Ng5 Rf7 14. Nxf7 Kxf7 15. e3 Be6 16. Qf4 Kg8 17. dxc5 dxc5 18. Bc4 Bxc4 19. Qxc4+ Kg7 20. Qxc5 Nbd7 21. Qxb4 Rb8 22. Qd2 Qc7 23. e4 Ne5 24. Qc3 Qd6 25. f3 h5 26. f4 Neg4 27. e5 Qe6 28. Ne3 Ne4 29. Qd4 Ng3 30. Rh3 Nxe3 31. Qxe3 Nf5 32. Qc3 Qb6 33. O-O-O Qa6 34. Qa3 Qe2 35. Qxa7 Rc8 36. Rc3 Rxc3 37. bxc3 Qxg2 38. a4 h4 39. a5 h3 40. a6 h2 41. Qb7 Qf2 42. a7 Qe3+ 43. Kb2 Qe2 44. Rh1 Ne3 45. a8=Q Qxc2+ 46. Ka3 Qxc3+ 47. Ka4 Qc4+ 48. Ka5 Qc5+ 49. Ka6 Nc4 50. Qb5 Qd4 51. Qc8 Na3 52. Qb6 Qa4+ 53. Kb7 Nc4 54. Qbc6 Na5+ 55. Kb6 Qb4+ 0-1


[Site "https://www.chess.com"]

[Event "Titled Tuesday Blitz January 03 Late 2023"]
[White "Maksimovic, Bojan"]
[Black "Omelja, Artem"]
[WhiteFideId "14408120"]
[BlackFideId "14119846"]
[WhiteElo "2486"]
[BlackElo "2446"]
[Result "1-0"]
[Round "08"]
[TimeControl "180+2"]
[Date "2023.01.03"]
[WhiteClock "0:00:07"]
[BlackClock "0:00:02"]

1. g3 d5 2. Bg2 c6 3. d4 Nf6 4. Nf3 Bf5 5. O-O Nbd7 6. c4 e6 7. Nh4 Bg4 8. h3 Bh5 9. g4 Ne4 10. Bxe4 dxe4 11. Ng2 Bg6 12. Nc3 Bd6 13. Bf4 Bxf4 14. Nxf4 Qf6 15. Qd2 O-O-O 16. Rad1 h5 17. gxh5 Bxh5 18. Nxe4 Qh4 19. Ng3 Nf6 20. Qe3 g5 21. Nfxh5 Nxh5 22. Nxh5 Rxh5 23. Kg2 g4 24. Qg3 gxh3+ 25. Kh2 Qe4 26. e3 Qc2 27. Rc1 Qe4 28. Rg1 Rhh8 29. Rc3 Rdg8 30. Qxg8+ Rxg8 31. Rxg8+ Kc7 32. Rg3 Qf5 33. f4 Qb1 34. Kxh3 Qxb2 35. e4 Qxa2 36. d5 1-0


[Site "https://www.chess.com"]

[Event "Titled Tuesday Blitz January 03 Late 2023"]
[White "De La Colina, Nicolas"]
[Black "Dourerassou, Jonathan"]
[WhiteFideId "30946921"]
[BlackFideId "628050"]
[WhiteElo "2244"]
[BlackElo "2414"]
[Result "0-1"]
[Round "08"]
[TimeControl "180+2"]
[Date "2023.01.03"]
[WhiteClock "0:00:02"]
[BlackClock "0:00:17"]

1. e4 e6 2. d4 d5 3. Nd2 dxe4 4. Nxe4 Nd7 5. Bd3 Ngf6 6. Nf3 Nxe4 7. Bxe4 Nf6 8. Bg5 Be7 9. Bxf6 Bxf6 10. Qd3 g6 11. O-O-O O-O 12. h4 Bg7 13. h5 f5 14. hxg6 hxg6 15. Ne5 fxe4 16. Qh3 Qg5+ 17. Kb1 Qh5 18. Qg3 Qf5 19. Qh2 Rf6 20. Qh7+ Kf8 21. f3 e3 22. g4 Qf4 23. g5 e2 24. gxf6 exd1=Q+ 25. Rxd1 Qxf6 26. Rg1 g5 27. Ng6+ Kf7 28. Ne5+ Ke7 29. f4 Kd6 30. fxg5 Qf2 31. Rd1 Qe2 32. Rg1 Bxe5 33. dxe5+ Qxe5 34. Rd1+ Kc6 35. Qg8 b6 36. Qe8+ Kc5 37. Qe7+ Kb5 38. a3 Ba6 39. Qb4+ Kc6 40. g6 Rg8 41. Qg4 Kb7 42. Qg2+ Kb8 43. Rf1 Bb7 44. Qg4 Be4 45. Re1 Bxc2+ 46. Ka2 Qxe1 47. Qxe6 Qxe6+ 0-1


[Site "https://www.chess.com"]

[Event "Titled Tuesday Blitz January 03 Late 2023"]
[White "Mendez Fortes, Eduardo Jesus"]
[Black "Domingo Nunez, Ruben"]
[WhiteFideId "3502376"]
[BlackFideId "22245570"]
[WhiteElo "2250"]
[BlackElo "2416"]
[Result "1-0"]
[Round "08"]
[TimeControl "180+2"]
[Date "2023.01.03"]
[WhiteClock "0:00:04"]
[BlackClock "0:00:02"]

1. e4 g6 2. d4 Bg7 3. Nc3 c6 4. f4 d5 5. e5 f6 6. Nf3 Nh6 7. Bd3 O-O 8. Be3 Bg4 9. h4 fxe5 10. dxe5 c5 11. Bxc5 Rxf4 12. Qd2 Rf8 13. O-O-O Nc6 14. Be2 Bxf3 15. Bxf3 d4 16. Bxc6 Nf5 17. Bd5+ Kh8 18. Kb1 dxc3 19. Qxc3 Qc7 20. Bb4 Qxe5 21. Qxe5 Bxe5 22. Rde1 Bf6 23. h5 Ng3 24. hxg6 Nxh1 25. Rxh1 h5 26. Rxh5+ Kg7 27. Rh7+ Kxg6 28. Be4+ Kg5 29. Bd2+ Kg4 30. Bxb7 Rab8 31. Bf3+ Kg3 32. b4 Rfd8 33. Be1+ Kf4 34. c4 a5 35. Rh3 Kf5 36. a3 Kg6 37. Kc2 Rd4 38. Be2 Kf7 39. c5 Re4 40. Kd2 Rd8+ 41. Bd3 Bg5+ 42. Kd1 Rf4 43. Ke2 Bf6 44. Bd2 Rfd4 45. b5 Rg4 46. Kf1 Rd5 47. c6 Rc5 48. Be2 Re4 49. Bd3 Rd4 50. Be3 Rxd3 51. Bxc5 Rd1+ 52. Ke2 Rc1 53. Rh5 Kg6 54. g4 Kf7 55. c7 Rc2+ 56. Kd1 Rxc5 57. Rxc5 1-0


[Site "https://www.chess.com"]

[Event "Titled Tuesday Blitz January 03 Late 2023"]
[White "Jaferian, Koosha"]
[Black "Bayo Milagro, Alvaro"]
[WhiteFideId "12507440"]
[BlackFideId "22275240"]
[WhiteElo "2233"]
[BlackElo "2287"]
[Result "1/2-1/2"]
[Round "08"]
[TimeControl "180+2"]
[Date "2023.01.03"]
[WhiteClock "0:00:04"]
[BlackClock "0:00:02"]

1. c4 Nf6 2. Nc3 g6 3. e4 d6 4. d4 Bg7 5. Nf3 O-O 6. Be2 Bg4 7. Be3 Nfd7 8. Qd2 c5 9. d5 Na6 10. Bh6 Nc7 11. Bxg7 Kxg7 12. Nd1 Bxf3 13. Bxf3 b5 14. Ne3 Ne5 15. Be2 bxc4 16. Nxc4 Nxc4 17. Bxc4 Rb8 18. h4 h5 19. Qc3+ f6 20. Rh3 Nb5 21. Bxb5 Rxb5 22. Kf1 Qb6 23. b3 Rb4 24. Re1 Qa6+ 25. Kg1 Qxa2 26. Rg3 Rfb8 27. Ree3 Qb1+ 28. Kh2 Rxe4 29. Rxe4 Qxe4 30. Re3 Qxh4+ 31. Kg1 Rb7 32. Qa5 Qg4 33. Qd8 Qd7 34. Qa8 Rc7 35. Re6 c4 36. bxc4 Rxc4 37. g3 h4 38. Kg2 hxg3 39. Kxg3 Rc3+ 40. f3 Rc5 41. Re2 f5 42. Qb8 Rxd5 43. Rh2 f4+ 44. Kxf4 Qf5+ 45. Kg3 Qg5+ 46. Kh3 Rd4 47. Qb2 e5 48. Qf2 Rf4 49. Qxa7+ Rf7 50. Qf2 Rf8 51. Qa7+ Kf6 52. Qh7 Qh5+ 53. Kg3 Qxh7 54. Rxh7 d5 55. Rd7 d4 56. Kg4 Rh8 57. Rd6+ Kf7 58. Kg5 Rh5+ 59. Kg4 Rf5 60. Rd7+ Ke6 61. Rg7 Rf4+ 62. Kg3 Kf6 63. Rd7 Rf5 64. Kg4 Rf4+ 65. Kg3 Kg5 66. Re7 Rf5 67. Re6 d3 68. Rd6 d2 69. Rxd2 Rf8 70. Rd5 Kf5 71. Rd6 Ra8 72. Rb6 Ra3 73. Rb4 Rc3 74. Ra4 Re3 75. Rb4 e4 76. Rxe4 Rxe4 77. fxe4+ Kxe4 78. Kg4 Ke5 79. Kg5 Ke4 80. Kf6 g5 81. Kxg5 1/2-1/2


[Site "https://www.chess.com"]

[Event "Titled Tuesday Blitz January 03 Late 2023"]
[White "Korchmar, Vasiliy"]
[Black "Yurovskykh, Oleksandr"]
[WhiteFideId "24131750"]
[BlackFideId "14134020"]
[WhiteElo "2438"]
[BlackElo "2328"]
[Result "0-1"]
[Round "08"]
[TimeControl "180+2"]
[Date "2023.01.03"]
[WhiteClock "0:00:01"]
[BlackClock "0:00:03"]

1. e4 d5 2. exd5 Qxd5 3. Nc3 Qd8 4. d4 Nf6 5. Nf3 Bg4 6. h3 Bxf3 7. Qxf3 c6 8. Be3 e6 9. O-O-O Bb4 10. Ne4 Nxe4 11. Qxe4 Qd5 12. Qg4 Qxa2 13. c3 Bf8 14. Bd3 Nd7 15. Bg5 a5 16. Rhe1 a4 17. d5 Nc5 18. dxe6 Nxd3+ 19. Rxd3 Qa1+ 20. Kd2 Qxb2+ 21. Kd1 Qb3+ 22. Kd2 Qa2+ 23. Kd1 Qb3+ 24. Ke2 fxe6 25. Kf1 Kf7 26. Rd7+ Kg8 27. Qf3 e5 28. Rxe5 a3 29. Red5 Qb1+ 30. Rd1 Qg6 31. Qf4 Qe6 32. Kg1 a2 33. R7d3 a1=Q 34. Rxa1 Rxa1+ 35. Kh2 Ra8 36. Qg3 Re8 37. Re3 Qf7 38. Rf3 Qd7 39. Qh4 h6 40. Be3 Bd6+ 41. g3 Qe7 42. Qc4+ Qe6 43. Qd3 Qe4 44. Qxd6 Qxf3 45. Qd7 Qf7 46. Qd3 Rh7 47. Bd4 Qe6 48. h4 g6 49. h5 Rf7 0-1


[Site "https://www.chess.com"]

[Event "Titled Tuesday Blitz January 03 Late 2023"]
[White "Garcia Ramos, Daniel"]
[Black "Altman, Joshua"]
[WhiteFideId "32010311"]
[BlackFideId "426210"]
[WhiteElo "2442"]
[BlackElo "2120"]
[Result "1-0"]
[Round "08"]
[TimeControl "180+2"]
[Date "2023.01.03"]
[WhiteClock "0:00:35"]
[BlackClock "0:00:02"]

1. b3 d5 2. Bb2 Bg4 3. h3 Bh5 4. g4 Bg6 5. Bg2 c6 6. d3 Nf6 7. Nd2 Nbd7 8. f4 e6 9. Ngf3 Bc5 10. d4 Bd6 11. e3 Ne4 12. O-O h5 13. g5 Ng3 14. Nh4 Nxf1 15. Nxf1 Qc7 16. Nxg6 fxg6 17. Qd3 Nf8 18. c4 Qf7 19. Nh2 O-O-O 20. c5 Bc7 21. b4 Kb8 22. a4 Qf5 23. Qb3 Nd7 24. b5 Ka8 25. a5 cxb5 26. a6 b6 27. Qxb5 Nb8 28. Nf3 Qe4 29. Bc1 Qc2 30. Bd2 Rc8 31. Rc1 Qa2 32. Bf1 Rhf8 33. Bd3 Qa3 34. Nh4 Qa2 35. Bc3 Bxf4 36. exf4 Rxf4 37. Rc2 Qxa6 38. Qxa6 Nxa6 39. Bxa6 Rcf8 40. Nxg6 Rf1+ 41. Bxf1 1-0


[Site "https://www.chess.com"]

[Event "Titled Tuesday Blitz January 03 Late 2023"]
[White "Kulkarni, Rakesh"]
[Black "Haydon, David L"]
[WhiteFideId "5037077"]
[BlackFideId "415405"]
[WhiteElo "2321"]
[BlackElo "2253"]
[Result "0-1"]
[Round "08"]
[TimeControl "180+2"]
[Date "2023.01.03"]
[WhiteClock "0:01:13"]
[BlackClock "0:01:59"]

1. e4 c6 2. c4 d5 3. cxd5 cxd5 4. exd5 Qxd5 5. Nc3 Qd8 6. Bc4 Nf6 7. Nf3 Nc6 8. h3 g6 9. d4 Bg7 10. d5 Na5 11. Be2 Bd7 12. b4 Rc8 13. bxa5 Rxc3 14. Bb2 Qxa5 15. Bxc3 Qxc3+ 16. Kf1 O-O 17. Rb1 b6 18. Kg1 Rc8 19. Kh2 Qa3 20. Rc1 Qd6+ 21. g3 Ne4 22. Rxc8+ Bxc8 23. Kg2 Nc3 24. Qc2 Bb7 25. Bc4 b5 26. Bb3 a5 27. a4 bxa4 28. Bxa4 Qxd5 0-1


[Site "https://www.chess.com"]